 Dungeon Crawl Stone Soup version 0.31-a0-664-g902f515a81 (webtiles) character file.

Game seed: 13959225811335635632

22465 greenreed the Fighter (level 13, -3/104 HPs)
             Began as a Djinni Shapeshifter on Sept 2, 2023.
             Was an Elder of Makhleb.
             Slain by a centaur warrior (11 damage)
             ... on level 14 of the Dungeon.
             The game lasted 00:33:15 (16112 turns).

greenreed the Fighter (Djinni Shapeshifter)        Turns: 16112, Time: 00:33:18

Health: -3/104     AC:  9    Str: 23    XL:     13   Next: 27%
Gold:   764        EV: 15    Int: 13    God:    Makhleb [****..] SH:  0 Dex: 13

rFire   + +          .
                       - Unarmed
rCold   x . .        (shield currently unavailable)
rNeg    + . .        F - +3 acid dragon scales of Gahuiges {rElec rN+ rCorr}
rPois   ∞            (no helmet)
rElec   +            (no cloak)
rCorr   +            (no gloves)
SInv    +            (boots unavailable)
Will    +....        (no amulet)
Stlth   +            J - ring of see invisible
HPRegen 0.37/turn    p - +6 ring of strength
MPRegen 0.00/turn

%: infuse magic (-4 HP)
@: flux-form, flying, glowing, studying Fighting
A: glow, contaminating, flying, sickness immunity, fire resistance 2, cold
vulnerability 1, float, innate caster, HP casting, extra vitality 1
a: Begin Untransformation, Renounce Religion, Minor Destruction, Lesser Servant
of Makhleb, Major Destruction


You were on level 14 of the Dungeon.
You worshipped Makhleb.
Makhleb was greatly pleased with you.
You were something dangerously unstable.
You visited 2 branches of the dungeon, and saw 15 of its levels.
You also visited: Bailey.

You collected 1004 gold pieces.
You spent 240 gold pieces at shops.

Inventory:

Hand Weapons
 E - the +10 pair of quick blades "Gyre" and "Gimble" {protect}
   (You took it off an orc in a bailey)
 V - a +0 arbalest of freezing
Missiles
 A - 3 curare-tipped darts
 C - 7 atropa-tipped darts (quivered)
Armour
 l - a +0 chain mail
 t - a +3 leather armour of fire resistance
 F - the +3 acid dragon scales of Gahuiges (worn) {rElec rN+ rCorr}
   (You found it in a bailey)

   rElec:     It insulates you from electricity.
   rN+:       It protects you from negative energy.
   rCorr:     It protects you from acid and corrosion.
 G - a +0 cloak
 S - a +1 leather armour of cold resistance
 U - a +1 pair of gloves
Magical Staves
 N - a staff of poison
Jewellery
 g - a ring of protection from cold
 h - a ring of fire
 p - a +6 ring of strength (right hand)
 v - a ring of positive energy
 x - a ring of protection from fire
 J - a ring of see invisible (left hand)
 O - a ring of fire
Talismans
 c - a beast talisman
 d - a flux talisman (active)
Wands
 r - a wand of flame (27)
 s - a wand of paralysis (20)
 z - a wand of polymorph (2)
Scrolls
 a - 6 scrolls of identify {unknown}
 e - a scroll of silence {unknown}
 i - 3 scrolls of revelation {unknown}
 k - 2 scrolls of amnesia {unknown}
 m - 5 scrolls of teleportation {unknown}
 n - 2 scrolls of fear {unknown}
 o - 2 scrolls of torment {unknown}
 y - a scroll of brand weapon {unknown}
 D - 3 scrolls of fog {unknown}
 I - 2 scrolls of blinking {unknown}
 L - 5 scrolls of enchant armour {unknown}
 M - 2 scrolls of poison {unknown}
 P - a scroll of summoning {unknown}
 R - a scroll of immolation {unknown}
Potions
 b - 2 potions of lignification
 f - 2 potions of berserk rage {unknown}
 j - 8 potions of curing {unknown}
 q - 3 potions of heal wounds {unknown}
 u - 2 potions of mutation {unknown}
 w - 4 potions of attraction {unknown}
 B - 2 potions of might {unknown}
 H - a potion of magic {unknown}
 K - a potion of brilliance {unknown}
 Q - 2 potions of invisibility {unknown}
 T - 2 potions of ambrosia {unknown}
 W - a potion of resistance {unknown}


   Skills:
 * Level 13.8 Fighting
 + Level 9.1 Dodging
 * Level 11.8 Unarmed Combat
 + Level 3.8 Spellcasting
 + Level 3.8 Conjurations
 + Level 3.8 Hexes
   Level 0.0 Charms
 + Level 3.8 Summonings
 + Level 3.8 Necromancy
 + Level 3.8 Translocations
 + Level 3.8 Transmutations
 + Level 3.8 Fire Magic
 + Level 3.8 Ice Magic
 + Level 3.8 Air Magic
 + Level 3.8 Earth Magic
 + Level 3.8 Poison Magic
 + Level 6.4 Invocations
 + Level 7.3 Shapeshifting


You knew the following spells:

 Your Spells              Type           Power      Damage    Failure   Level
a - Sting                 Tmut/Pois      48%        1d5       5%          1
b - Passwall              Tmut/Erth      10%        N/A       9%          2
c - Teleport Other        Tloc           12%        N/A       17%         3
d - Airstrike             Air            6%         2d(1-17)  50%         4
e - Olgreb's Toxic Radia  Pois           12%        N/A       50%         4
f - Metabolic Englaciati  Hex/Ice        6%         N/A       83%         5
Your spell library was empty.

Dungeon Overview and Level Annotations

Branches:
Dungeon (14/15)            Temple (1/1) D:6            Lair (0/5) D:11
    Orc (0/2) D:11         Vaults (0/5) D:14         Bailey (visited)

Altars:
Ashenzari
Cheibriados
Dithmenos
Elyvilon
Fedhas
Gozag
Hepliaklqana
Makhleb
Nemelex Xobeh
Okawaru
Qazlal
Ru
Trog
Uskayaw
Wu Jian
Xom
Yredelemnul
Zin
The Shining One

Shops:
D:8 =   D:11 (

Annotations:
D:9 3 runed translucent doors, Dordric's ghost, novice OpSh


Innate Abilities, Weirdness & Mutations

You are something dangerously unstable.
You glow with magical radiation, making you easy to see and hit.
Foes you strike become dangerously contaminated with magical radiation.
You are flying.
You are incapable of wielding weapons or throwing items.
You are immune to sickness and miasma.
You are immune to poison.
Your flesh is very heat resistant. (rF++)
You are vulnerable to cold. (rC-)
You float through the air rather than walking.
You learn spells naturally, not from books.
Your magical power is your life essence.
You have superior vitality. (+4 MHP)


Message History

A vampire mosquito, a tengu warrior and a centaur warrior come into view.
The vampire mosquito buzzes angrily.
The centaur warrior shouts!
Found a scroll labelled TOEXONA SYGGAU and 12 gold pieces.
You closely miss the vampire mosquito. The vampire mosquito bites you.
The vampire mosquito closely misses you.
You hit the vampire mosquito.
The vampire mosquito begins to glow.
The vampire mosquito is lightly damaged.
The vampire mosquito bites you. The tengu warrior misses you.
You punch the vampire mosquito!
The vampire mosquito glows dangerously bright.
The vampire mosquito is heavily damaged.
The vampire mosquito misses you. The vampire mosquito bites you.
The tengu warrior hits you from afar with a +0 bardiche!!
You hit the vampire mosquito.
The vampire mosquito shudders as magic cascades through it!!
You destroy the vampire mosquito!
Makhleb accepts your kill.
You feel better.
The centaur warrior wields a +0 shortbow.
The centaur warrior shoots an arrow.
The arrow hits you!
The tengu warrior hits you from afar with a +0 bardiche!
The centaur warrior unwields a +0 shortbow.
The centaur warrior hits you. The centaur warrior closely misses you.
The centaur warrior barely misses you.
The centaur warrior kicks you but does no damage.
The tengu warrior closely misses you. The tengu warrior pecks you.
The tengu warrior claws you but does no damage.
There is a large open door here.
You see here a vampire mosquito corpse.
You completely miss the tengu warrior. The centaur warrior hits you!
The centaur warrior kicks you but does no damage.
Unknown command.
You punch the tengu warrior!
The tengu warrior begins to glow.
The tengu warrior is lightly wounded.
The tengu warrior hits you with a +0 bardiche!!
* * * LOW HITPOINT WARNING * * *
The tengu warrior barely misses you. The tengu warrior claws you.
* * * LOW HITPOINT WARNING * * *
The centaur warrior hits you!
You die...

#..#.....#..#
+..#.....#..#
+..#.....#..#
######..#')####..#
..........(......#
.................#####
#######..#########.....
#.....'..'.....#.#.....
#....QB..'.....#.......
#.?..c#..#)....##......
#.....#.(#.....###.....
#$....#..#.....# #.....
#######..#########.....
.........##........
#..####....#######
##.......### #####...#


You could see a tengu warrior (contam) and a centaur warrior.

Vanquished Creatures
  An ironbound preserver (D:14)
  2 centaur warriors
  4 two-headed ogres
  2 boulder beetles
  2 death yaks (D:11)
  Sonja (D:13)
  The ghost of GloriousHammer the Basher, a novice AtBe of Trog (D:5)
  4 ugly things
  2 cyclopes
  2 manticores
  A gargoyle (D:12)
  2 kobold demonologists (Bailey)
  2 trolls
  A hornet (D:9)
  3 slime creatures (D:12)
  2 wraiths
  A shadow (D:10)
  7 yaks
  2 wyverns (D:9)
  A vampire (D:10)
  Eustachio (D:4)
  A steam dragon (D:7)
  4 vampire mosquitoes
  Menkaure (D:4)
  Edmund (D:4)
  A water moccasin (D:6)
  Duvessa (D:7)
  2 acid dragons (D:11)
  2 ice beasts
  2 black bears
  13 orc warriors
  2 ogres (D:5)
  11 centaurs
  2 phantoms
  3 kobold brigands
  3 bullfrogs
  5 scorpions
  2 gnoll sergeants
  7 wights
  Dowan (D:7)
  4 killer bees (D:10)
  5 howler monkeys
  7 electric eels (Bailey)
  3 jellies
  3 hounds
  8 orc priests
  2 sleepcaps (D:6)
  Ijyb (D:4)
  2 iguanas
  7 orc wizards
  12 adders
  12 gnolls
  2 ufetubi
  2 worms
  2 dart slugs
  58 orcs
  4 ball pythons
  8 bats
  2 endoplasms
  A giant cockroach (D:4)
  13 goblins
  5 hobgoblins
  6 jackals
  13 kobolds
  4 quokkas
  2 frilled lizards
  4 rats
300 creatures vanquished.

Vanquished Creatures (collateral kills)
  A death yak (D:11)
  2 yaks (D:11)
  A gnoll sergeant (D:11)
  2 gnolls (D:11)
6 creatures vanquished.

Grand Total: 306 creatures vanquished

Notes
Turn   | Place    | Note
-------+----------+-------------------------------------------
     0 | D:1      | greenreed the Djinni Shapeshifter began the quest for the
                  | Orb.
     0 | D:1      | Reached XP level 1. HP: 17/17 MP: 0/0
   265 | D:1      | Reached XP level 2. HP: 17/22 MP: 0/0
   563 | D:2      | Reached XP level 3. HP: 24/28 MP: 0/0
   563 | D:2      | Learned a level 1 spell: Sting
   759 | D:2      | Reached skill level 2 in Fighting
   830 | D:2      | Reached XP level 4. HP: 24/33 MP: 0/0
  1528 | D:3      | Found a shimmering altar of Xom.
  1680 | D:3      | Reached XP level 5. HP: 39/39 MP: 0/0
  1680 | D:3      | Learned a level 2 spell: Passwall
  1918 | D:4      | Noticed a black bear
  2038 | D:4      | Noticed Edmund
  2201 | D:4      | Noticed Eustachio
  2292 | D:4      | Killed Eustachio
  2293 | D:4      | Reached skill level 3 in Fighting
  2293 | D:4      | Reached XP level 6. HP: 32/46 MP: 0/0
  2356 | D:4      | Noticed Menkaure
  2433 | D:4      | Killed Edmund
  2611 | D:4      | Noticed Ijyb
  2622 | D:4      | Paralysed by Ijyb for 5 turns
  2634 | D:4      | Killed Ijyb
  2635 | D:4      | Reached XP level 7. HP: 39/51 MP: 0/0
  2635 | D:4      | Learned a level 3 spell: Teleport Other
  2686 | D:4      | Reached skill level 4 in Fighting
  2686 | D:4      | Reached skill level 5 in Unarmed Combat
  2818 | D:4      | HP: 2/52 [adder (3)]
  3022 | D:4      | Killed Menkaure
  3242 | D:5      | Entered Level 5 of the Dungeon
  3269 | D:5      | Reached XP level 8. HP: 52/58 MP: 0/0
  3400 | D:5      | Found a hide-covered altar of Uskayaw.
  3425 | D:5      | Noticed a +0 hand axe
  3425 | D:5      | Noticed a +0 dagger
  3441 | D:5      | Reached skill level 5 in Fighting
  3858 | D:5      | Found a runed translucent door.
  3860 | D:5      | Noticed GloriousHammer's ghost (novice AtBe)
  3993 | D:5      | Found a basalt altar of Yredelemnul.
  3993 | D:5      | Found a bloodstained altar of Trog.
  4140 | D:5      | Killed GloriousHammer's ghost
  4141 | D:5      | Reached skill level 6 in Fighting
  4141 | D:5      | Reached skill level 5 in Dodging
  4141 | D:5      | Reached XP level 9. HP: 46/67 MP: 0/0
  4141 | D:5      | Learned a level 4 spell: Airstrike
  4356 | D:6      | Noticed a two-headed ogre
  4455 | D:6      | Found a staircase to the Ecumenical Temple.
  4469 | Temple   | Entered the Ecumenical Temple
  4477 | Temple   | Became a worshipper of Makhleb the Destroyer
  5083 | D:6      | Reached skill level 1 in Invocations
  5619 | D:7      | Reached skill level 7 in Fighting
  5862 | D:7      | Reached skill level 5 in Shapeshifting
  5931 | D:7      | Noticed Dowan
  5932 | D:7      | Noticed Duvessa
  5950 | D:7      | Killed Duvessa
  5959 | D:7      | Killed Dowan
  6083 | D:7      | Found a flagged portal.
  6097 | Bailey   | Entered a bailey
  6291 | Bailey   | Reached * piety under Makhleb
  6324 | Bailey   | Reached XP level 10. HP: 75/75 MP: 0/0
  6675 | Bailey   | Noticed a kobold demonologist
  6688 | Bailey   | Killed a kobold demonologist
  6825 | Bailey   | Reached skill level 8 in Fighting
  7542 | Bailey   | Found an iron altar of Okawaru.
  7543 | Bailey   | Noticed a kobold demonologist
  7561 | Bailey   | Noticed a sixfirhy
  7570 | Bailey   | Killed a kobold demonologist
  7798 | Bailey   | Identified the +3 acid dragon scales of Gahuiges {rElec rN+
                  | rCorr}
  7942 | D:7      | Acquired a manual of Fighting
  8088 | D:7      | Reached ** piety under Makhleb
  8362 | D:8      | Found Xurhuff's Jewellery Boutique.
  8440 | D:8      | Bought a ring of see invisible for 240 gold pieces
  8719 | D:8      | Reached skill level 9 in Fighting
  8800 | D:8      | Reached *** piety under Makhleb
  8810 | D:8      | Reached XP level 11. HP: 82/84 MP: 0/0
  8810 | D:8      | Learned a level 4 spell: Olgreb's Toxic Radiance
  9232 | D:8      | Reached skill level 1 in Spellcasting
  9232 | D:8      | Reached skill level 1 in Conjurations
  9232 | D:8      | Reached skill level 1 in Hexes
  9232 | D:8      | Reached skill level 1 in Summonings
  9232 | D:8      | Reached skill level 1 in Necromancy
  9232 | D:8      | Reached skill level 1 in Translocations
  9232 | D:8      | Reached skill level 1 in Transmutations
  9232 | D:8      | Reached skill level 1 in Fire Magic
  9232 | D:8      | Reached skill level 1 in Ice Magic
  9232 | D:8      | Reached skill level 1 in Air Magic
  9232 | D:8      | Reached skill level 1 in Earth Magic
  9232 | D:8      | Reached skill level 1 in Poison Magic
  9406 | D:9      | Found a runed translucent gate.
  9406 | D:9      | Found a runed translucent gate.
  9406 | D:9      | Found a runed translucent gate.
  9407 | D:9      | Noticed Dordric's ghost (novice OpSh)
  9718 | D:9      | HP: 4/84 [wight/+4 halberd of freezing (2)]
 10322 | D:9      | Noticed a two-headed ogre
 10332 | D:9      | Killed a two-headed ogre
 10333 | D:9      | Reached skill level 10 in Fighting
 10449 | D:10     | Entered Level 10 of the Dungeon
 10975 | D:10     | Noticed a two-headed ogre
 10982 | D:10     | Killed a two-headed ogre
 10983 | D:10     | Reached skill level 10 in Unarmed Combat
 11699 | D:11     | Noticed a two-headed ogre
 11709 | D:11     | Killed a two-headed ogre
 11710 | D:11     | Reached skill level 11 in Fighting
 11734 | D:11     | Reached **** piety under Makhleb
 11839 | D:11     | Found Cidwigol's Weapon Emporium.
 11857 | D:11     | Noticed a death yak
 11962 | D:11     | Found a staircase to the Orcish Mines.
 11962 | D:11     | Noticed a death yak
 11976 | D:11     | Noticed a death yak
 11986 | D:10     | Reached skill level 5 in Invocations
 12163 | D:11     | Killed a death yak
 12164 | D:11     | Reached XP level 12. HP: 83/94 MP: 0/0
 12790 | D:11     | Killed a death yak
 12813 | D:11     | Killed a death yak
 13080 | D:11     | Found a staircase to the Lair.
 13123 | D:11     | You are sucked into a shaft and drop 1 floor!
 13194 | D:12     | Reached skill level 12 in Fighting
 13678 | D:12     | Noticed a two-headed ogre
 13687 | D:12     | Killed a two-headed ogre
 14638 | D:13     | Noticed a centaur warrior
 14652 | D:13     | Killed a centaur warrior
 14868 | D:13     | Noticed Sonja
 14888 | D:13     | Noticed a boulder beetle
 14905 | D:13     | Killed Sonja
 14906 | D:13     | Reached skill level 13 in Fighting
 14914 | D:13     | Killed a boulder beetle
 15192 | D:13     | Reached XP level 13. HP: 88/103 MP: 0/0
 15192 | D:13     | Learned a level 5 spell: Metabolic Englaciation
 15760 | D:14     | Found a gate to the Vaults.
 15760 | D:14     | Noticed an ironbound preserver
 15779 | D:14     | Killed an ironbound preserver
 15977 | D:14     | Noticed a centaur warrior
 15990 | D:14     | Killed a centaur warrior
 16105 | D:14     | Noticed a centaur warrior
 16112 | D:14     | Slain by a centaur warrior

Illustrated notes

Levels and vault maps discovered:
D:1:      heliophobic_arrival_ceremonial_halls, layout_basic
D:2:      layout_basic, st_stairs_9
D:3:      layout_loops_ring, lemuel_doored_altar,
          chequers_serial_rivers_small_b, grunt_decor_junction
D:4:      layout_loops_ring, uniq_menkaure, uniq_edmund, uniq_ijyb,
          uniq_eustachio
D:5:      layout_rooms, dancing_weapons_uskayaw,
          gammafunk_temple_overflow_statue, ebering_ghost_sewer_d
D:6:      layout_basic, temple_hall, minmay_misc_feat_pillars
D:7:      layout_loops_ring, enter_bailey_3, uniq_duvessa
D:8:      layout_basic, special_room [special_room_orc], nicolae_stop_n_shop_2
D:9:      nicolae_cairo_tiling_large_dashed, layout_gridville,
          gammafunk_ghost_nasty_kobolds
D:10:     layout_long_grid, kennysheep_generic_room_16
D:11:     layout_basic, dpeg_lair_monsters, serial_shops,
          nicolae_shop_bloodbath_and_beyond, small_statue_intersection
D:12:     layout_stronghold
D:13:     layout_small_grid, uniq_sonja
D:14:     layout_rooms, skrybe_vaults_entry_preservation, nrook_mini_vaults,
          gammafunk_ghost_berserking_beasts
Temple:   eino_narrow_crystal_temple

Skill      XL: |  1  2  3  4  5  6  7  8  9 10 11 12 13 |
---------------+----------------------------------------+-----
Fighting       | 2 3 4 6 7 9 11 13 | 13.8
Shapeshifting  | 3 4 5 6 7 |  7.3
Unarmed Combat | 4 5 7 8 9 10 11 | 11.8
Dodging        | 3 4 5 6 7 8 9 |  9.1
Invocations    | 2 3 5 6 |  6.4
Spellcasting   | 2 3 |  3.8
Conjurations   | 2 3 |  3.8
Hexes          | 2 3 |  3.8
Summonings     | 2 3 |  3.8
Necromancy     | 2 3 |  3.8
Translocations | 2 3 |  3.8
Transmutations | 2 3 |  3.8
Fire Magic     | 2 3 |  3.8
Ice Magic      | 2 3 |  3.8
Air Magic      | 2 3 |  3.8
Earth Magic    | 2 3 |  3.8
Poison Magic   | 2 3 |  3.8

Action                     |  1- 3 |  4- 6 |  7- 9 | 10-12 | 13-15 || total
---------------------------+-------+-------+-------+-------+-------++-------
  Melee: Unarmed           |    78 |   135 |   238 |   678 |    61 ||  1190
         Punch             |     3 |     3 |    10 |    50 |       ||    66
  Throw: Throwing net      |       |     1 |       |       |       ||     1
 Invoke: Lesser Servant of |       |       |       |     4 |       ||     4
         Minor Destruction |       |       |       |     3 |       ||     3
  Evoke: Wand              |       |       |     2 |     5 |       ||     7
    Use: Potion            |       |       |     1 |       |       ||     1
         Scroll            |       |       |       |     1 |       ||     1
   Stab: Sleeping          |     3 |       |       |       |       ||     3
         Held in net/web   |       |     1 |       |       |       ||     1
         Paralysed         |       |       |       |    12 |       ||    12
 Armour: Animal skin       |    29 |       |       |       |       ||    29
         Chain mail        |    22 |   126 |   186 |       |       ||   334
         Skin              |       |       |     5 |       |       ||     5
         Leather armour    |       |       |     2 |    83 |       ||    85
         Acid dragon scale |       |       |       |   402 |    62 ||   464
  Dodge: Dodged            |    57 |    61 |    99 |   502 |    64 ||   783
         Form:             |       |       |       |     1 |       ||     1
         Flux              |       |       |       |     1 |       ||     1

Table legend: (Time is in decaauts)
 A = Elapsed time spent in this place.
 B = Non-inter-level travel time spent in this place.
 C = Inter-level travel time spent in this place.
 D = Time resting spent in this place.
 E = Time spent auto-exploring this place.
 F = Levels seen in this place.
 G = Mean time per level.
                   A        B        C        D        E       F      G
               +--------+--------+--------+--------+--------+-----+--------+
         Total |  15952 |  15012 |    940 |   2228 |  10093 |  16 |  997.0 |
       Dungeon |  14117 |  13191 |    926 |   1203 |   9742 |  14 | 1008.4 |
        Temple |     16 |      2 |     14 |      0 |      0 |   1 |   16.0 |
        Bailey |   1818 |   1818 |      0 |   1025 |    351 |   1 | 1818.0 |
               +--------+--------+--------+--------+--------+-----+--------+

Top non-repeatable levels by time:
  Bailey: 1818 daAuts
    D:10: 1599 daAuts
    D:11: 1340 daAuts
     D:6: 1199 daAuts
    D:12: 1174 daAuts
     D:5: 1114 daAuts
     D:9: 1103 daAuts
    D:13: 1073 daAuts
     D:4: 1066 daAuts
     D:3: 968 daAuts
     D:8: 949 daAuts
     D:7: 920 daAuts
     D:2: 645 daAuts
     D:1: 546 daAuts
    D:14: 415 daAuts
